 Dungeon Crawl Stone Soup version 0.19-a0-628-g9200b3b (webtiles) character file.

315 mistymad the Changer (level 6, 0/54 HPs)
             Began as a Naga Transmuter on June 13, 2016.
             Succumbed to a gnoll's poison
             ... on level 2 of the Dungeon.
             The game lasted 00:29:23 (4188 turns).

mistymad the Changer (Naga Transmuter)              Turns: 4188, Time: 00:29:24

Health: 0/54       AC:  2    Str: 17    XL:     6   Next: 43%
Magic:  7/10       EV: 20    Int: 16    God:
Gold:   225        SH:  0    Dex: 16    Spells: 3 memorised, 4 levels left

rFire  + . .     SeeInvis +       - Unarmed
rCold  + . .     Gourm    .     (armour currently unavailable)
rNeg   . . .     Faith    .     (shield currently unavailable)
rPois  .         Spirit   .     (helmet currently unavailable)
rElec  +         Dismiss  .     (cloak currently unavailable)
rCorr  +         Reflect  .     (gloves currently unavailable)
SustAt .         Harm     .     (no barding)
MR     .....                    (no amulet)
Stlth  +.........               (no ring)
                                w - ring of loudness

@: mighty, lethally poisoned (0 -> -3), spider-form, resistant, very slightly
contaminated, not resistant to hostile enchantments, very unstealthy
A: see invisible, (deformed body), (poison resistance), (slowness 0), slow
metabolism 1, spit poison 2, AC +2
a: Spit Poison, End Transformation


You were on level 2 of the Dungeon.
You were not hungry.
You were a venomous arachnid creature.
You visited 1 branch of the dungeon, and saw 4 of its levels.

You collected 225 gold pieces.

Inventory:

Hand Weapons
 s - a +1 dagger (melded)
Missiles
 a - 38 arrows
Armour
 b - a +1 robe (melded)
 e - a +2 helmet of see invisible (melded)
Jewellery
 w - a ring of loudness (left front leg)
Scrolls
 j - a scroll of enchant armour
 n - 2 scrolls of teleportation
Potions
 g - 2 potions of agility
 l - a potion of flight
 p - 2 potions of berserk rage
Books
 c - a book of Changes

   Spells                             Type                      Level
   a - Beastly Appendage              Transmutation                1
   b - Sticks to Snakes               Transmutation                2
   c - Spider Form                    Transmutation/Poison         3
   d - Ice Form                       Ice/Transmutation            4
   e - Blade Hands                    Transmutation                5
Comestibles
 d - 2 bread rations
 i - a royal jelly
 m - 3 meat rations
 r - a beef jerky


   Skills:
 + Level 2.3 Fighting
 - Level 0.2 Short Blades
 + Level 2.4 Dodging
 - Level 0.4 Stealth
 + Level 3.8 Unarmed Combat
 + Level 2.7 Spellcasting
 + Level 4.6 Transmutations


You had 4 spell levels left.
You knew the following spells:

 Your Spells              Type           Power        Failure   Level  Hunger
a - Beastly Appendage     Tmut           ###...       12%         1    #......
b - Sticks to Snakes      Tmut           ###.....     17%         2    ##.....
c - Spider Form           Tmut/Pois      #.........   50%         3    ###....


Dungeon Overview and Level Annotations

Branches:
Dungeon (4/15)
 Temple: D:4-7

Altars:
Qazlal
Vehumet


Innate Abilities, Weirdness & Mutations

You cannot wear boots.
((Your serpentine skin is tough. (AC +2)))
You have supernaturally acute eyesight. (SInv)
((Armour fits poorly on your strangely shaped body.))
((Your system is resistant to poisons. (rPois)))
((You cover ground very slowly.))
You have a slow metabolism.
You can spit poison.


Message History

You feel aware of your surroundings.
It was a scroll of magic mapping.
As you read the scroll labeled VOIPPI ZEADOIPN, it crumbles to dust.
The air around you briefly surges with heat, but it dissipates.
It was a scroll of immolation.
* * * LOW HITPOINT WARNING * * *
You feel sick.
You take 1 damage, and have 1/54 hp.
Casting: Spider Form
Confirm with . or Enter, or press ? or * to list all spells.
Okay, then.
Casting: Spider Form
Confirm with . or Enter, or press ? or * to list all spells.
You turn into a venomous arachnid creature.
Your +1 dagger melds into your body.
Your +2 helmet of see invisible melds into your body.
Your +1 robe melds into your body.
* * * LOW HITPOINT WARNING * * *
You feel sick.
You now have 7/10 mp.
You die...

............)....# #.....#
################.# #.###.# #.#
#.# #.# #.# #.# #.# ####### #.#
#.# #.# ......# #.# #.# #..
......# #.# #.# ### ......# #.#
#.# # ......# #s# #.# ## ......#
#.# #.# #. #####.##########.# #.#
#. #.#.........)##########.####.
###>...........................
#......(..####)................
#.#.#.###.# #.##########.####.
#.....# #.# #.##.....# ######.
#####'#####.####)##.....####.....


There were no monsters in sight!

Vanquished Creatures
  Purgy (D:3)
  A hound (D:4)
  Natasha (D:2)
  An iguana (D:4)
  A hound skeleton (D:4)
  Robin (D:2)
  2 adders (D:2)
  3 gnolls (D:2)
  A dart slug (D:1)
  2 giant geckos
  2 ball pythons (D:1)
  6 giant cockroaches
  10 hobgoblins
  A quokka (D:2)
  9 bats
  6 giant newts
  8 goblins
  10 kobolds
  9 rats
75 creatures vanquished.

Vanquished Creatures (others)
  A giant cockroach (D:2)
  A quokka (D:2)
2 creatures vanquished.

Grand Total: 77 creatures vanquished

Notes
Turn   | Place    | Note
--------------------------------------------------------------
     0 | D:1      | mistymad the Naga Transmuter began the quest for the Orb.
     0 | D:1      | Reached XP level 1. HP: 18/18 MP: 3/3
   410 | D:1      | Reached XP level 2. HP: 13/25 MP: 3/5
  1098 | D:1      | Learned a level 2 spell: Sticks to Snakes
  1238 | D:1      | Reached XP level 3. HP: 26/31 MP: 4/6
  1365 | D:2      | Learned a level 3 spell: Spider Form
  1619 | D:2      | Found a radiant altar of Vehumet.
  1722 | D:2      | Reached skill level 3 in Transmutations
  1838 | D:2      | Noticed Natasha
  1862 | D:2      | Killed Natasha
  1862 | D:2      | Reached XP level 4. HP: 10/38 MP: 5/7
  2245 | D:2      | Noticed Robin
  2271 | D:2      | Killed Robin
  2273 | D:2      | Reached skill level 4 in Transmutations
  3030 | D:2      | Reached XP level 5. HP: 44/44 MP: 8/8
  3059 | D:3      | Noticed Purgy
  3265 | D:3      | Killed Purgy
  3715 | D:3      | Found a stormy altar of Qazlal.
  3847 | D:4      | Reached XP level 6. HP: 52/52 MP: 6/10
  4183 | D:2      | HP: 2/54 [poisoned by a gnoll]
  4188 | D:2      | Succumbed to a gnoll's poison

Vault maps used:
D:1:      minmay_arrival_arboretum_large, minmay_shallow_snake_nest
D:2:      nicolae_overflow_crystal_walls, first_bread, lemuel_flame_loot_1,
          uniq_natasha, uniq_robin
D:3:      grunt_qazlal_sundering, uniq_purgy
D:4:      nemelex_xobeh_ov_fountains_minmay, bloody_trog, lemuel_doored_altar,
          uniq_blork_the_orc, uniq_crazy_yiuf_cottage

Skill      XL: |  1  2  3  4  5 |
---------------+----------------+-----
Transmutations | 3 4 |  4.6
Fighting       | 2 |  2.3
Dodging        | 2 |  2.4
Short Blades   | |  0.2
Stealth        | |  0.4
Unarmed Combat | |  3.8
Spellcasting   | |  2.7

Action                   |  1- 3 |  4- 6 || total
-------------------------+-------+-------++-------
Melee: Unarmed           |    95 |    36 ||   131
       Headbutt          |     5 |     1 ||     6
       Punch             |     2 |     1 ||     3
       Dagger            |    13 |   136 ||   149
 Cast: Beastly Appendage |    17 |     4 ||    21
       Spider Form       |       |    11 ||    11
       Sticks to Snakes  |       |     2 ||     2
 Abil: Spit Poison       |    14 |    18 ||    32
  Use: Scroll            |     5 |    11 ||    16
       Potion            |     1 |     5 ||     6
 Stab: Sleeping          |     1 |       ||     1
  Eat: Chunk             |     3 |     6 ||     9
       Bread ration      |       |     1 ||     1
Armor: Robe              |    15 |    67 ||    82
       Skin              |       |    18 ||    18
Dodge: Dodged            |    67 |   148 ||   215
